 Dungeon Crawl Stone Soup version 0.20.1-1-g8b1a95d (webtiles) character file.

669 letownia2 the Grave Robber (level 7, -2/61 HPs)
             Began as a Deep Dwarf Necromancer on Nov 7, 2017.
             Succumbed to Duvessa's poison
             ... on level 5 of the Dungeon.
             The game lasted 00:07:21 (2901 turns).

letownia2 the Grave Robber (Deep Dwarf Necromancer) Turns: 2901, Time: 00:07:22

Health: -2/61      AC: 10    Str: 12    XL:     7   Next: 32%
Magic:  3/22       EV: 16    Int: 17    God:
Gold:   82         SH:  0    Dex: 18    Spells: 10/14 levels left

rFire    . . .     SeeInvis .   a - +2 flail (holy)
rCold    . . .     Gourm    .   (no shield)
rNeg     . . .     Faith    .   q - +0 ring mail
rPois    .         Spirit   .   (no helmet)
rElec    .         Reflect  .   (no cloak)
rCorr    .         Harm     .   f - +0 pair of gloves
MR       +....                  (no boots)
Stlth    +++.......             (no amulet)
Regen    0.0/turn               e - +4 ring of protection
MPRegen  0.2/turn               k - ring of magical power

@: agile, lethally poisoned (-2 -> -15), berserk cooldown, flying,
non-regenerating, slowed, very slow
A: damage resistance, heal wounds, sense surroundings 1, no regeneration
a: Heal Wounds


You were on level 5 of the Dungeon.
You were not hungry.

You visited 2 branches of the dungeon, and saw 6 of its levels.

You collected 82 gold pieces.

Inventory:

Hand Weapons
 a - a +2 flail of holy wrath (weapon)
 p - a +0 short sword
 w - a +0 war axe
Armour
 f - a +0 pair of gloves (worn)
 j - a +0 robe
 q - a +0 ring mail (worn)
Jewellery
 e - a +4 ring of protection (left hand)
 k - a ring of magical power (right hand)
 r - an uncursed ring of protection from cold {unknown}
 u - a cursed ring of poison resistance {unknown}
Wands
 v - a wand of digging (0/24)
Scrolls
 g - 5 scrolls of identify {unknown}
 h - 2 scrolls of teleportation {unknown}
 m - 3 scrolls of remove curse {unknown}
 s - a scroll of recharging {unknown}
 y - a scroll of enchant armour {unknown}
Potions
 d - a potion of curing {unknown}
 i - 2 potions of flight
 l - a potion of agility
 n - a potion of lignification {unknown}
 t - a potion of berserk rage
 x - 2 potions of invisibility {unknown}
Books
 b - a book of Necromancy

   Spells                             Type                      Level
   a - Pain                           Necromancy                   1
   b - Animate Skeleton               Necromancy                   1
   c - Vampiric Draining              Necromancy                   3
   d - Regeneration                   Charms/Necromancy            3
   e - Animate Dead                   Necromancy                   4
   f - Control Undead                 Necromancy                   4
Comestibles
 c - 4 bread rations
 o - a chunk of flesh
 z - a meat ration


   Skills:
 + Level 2.4 Fighting
 + Level 2.8 Armour
 - Level 2.1 Dodging
 - Level 2.4 Stealth
 - Level 4.0 Spellcasting
 + Level 7.3 Necromancy


You had 10 spell levels left.
You knew the following spells:

 Your Spells              Type           Power        Failure   Level  Hunger
a - Pain                  Necr           ####         1%          1    None
v - Vampiric Draining     Necr           ####......   4%          3    ###....


Dungeon Overview and Level Annotations

Branches:
Dungeon (5/15)             Temple (1/1) D:4

Altars:
Ashenzari
Dithmenos
Elyvilon
Fedhas
Hepliaklqana
Kikubaaqudgha
Okawaru
Qazlal
Ru
Sif Muna
Vehumet
Xom
The Shining One

Annotations:
D:3 exclusion: jelly
D:5 digijack's ghost, novice DgWn


Innate Abilities, Weirdness & Mutations

You are resistant to damage.
You can heal yourself by infusing magical energy.
You passively map a small area around you.
You do not regenerate.


Message History

A red film seems to cover your vision as you go berserk!
You feel yourself moving faster!
You feel mighty!
* * * LOW HITPOINT WARNING * * *
You feel very sick.
Unknown command.
Unknown command.
You feel a strong urge to attack something.
* * * LOW HITPOINT WARNING * * *
You feel sick.
* * * LOW HITPOINT WARNING * * *
You feel sick.
You feel your anger subside.
* * * LOW HITPOINT WARNING * * *
You feel sick.
You are no longer berserk.
You are exhausted.
You feel yourself slow down.
* * * LOW HITPOINT WARNING * * *
You feel sick.
You die...

..%.. , .....
,...........#
.....
...........#
..... ,
..........#
..#
*#........#
..#
##........#
..#
#.........#
..# ,
,#.....)...#
..# ,
#.....<@..#
..#
#.........#
..#
#.........#
..#
#.........#
..# ,
+.........#
..#,,
#.........#
..#
##........#
..#
#........# *
, *


There were no monsters in sight!

Vanquished Creatures
  Duvessa (D:5)
  An ogre (D:4)
  Dowan (D:5)
  2 hounds (D:4)
  A jelly (D:3)
  An orc priest (D:3)
  Ijyb (D:3)
  3 worker ants (D:4)
  6 gnolls
  6 adders
  An adder skeleton (D:4)
  2 worms
  2 dart slugs
  2 leopard geckos
  6 orcs
  4 giant cockroaches
  A goblin (D:2)
  3 hobgoblins (D:3)
  2 iguanas
  3 jackals (D:4)
  7 bats
  2 frilled lizards (D:2)
  7 kobolds
  6 rats
71 creatures vanquished.

Notes
Turn   | Place    | Note
-------+----------+-------------------------------------------
     0 | D:1      | letownia2 the Deep Dwarf Necromancer began the quest for the Orb.
     0 | D:1      | Reached XP level 1. HP: 15/15 MP: 3/3
   295 | D:3      | Noticed Ijyb
   329 | D:2      | Reached XP level 2. HP: 22/22 MP: 0/5
   722 | D:2      | Reached skill level 5 in Necromancy
   783 | D:3      | Reached XP level 3. HP: 10/28 MP: 2/6
   794 | D:3      | Learned a level 3 spell: Vampiric Draining
  1079 | D:4      | Found a staircase to the Ecumenical Temple.
  1085 | Temple   | Entered the Ecumenical Temple
  1361 | D:2      | Reached XP level 4. HP: 32/36 MP: 6/8
  1888 | D:3      | Found a shimmering altar of Xom.
  1924 | D:3      | Reached XP level 5. HP: 37/42 MP: 4/9
  2007 | D:3      | Reached skill level 6 in Necromancy
  2023 | D:3      | Killed Ijyb
  2322 | D:4      | Noticed an ogre
  2328 | D:4      | Killed an ogre
  2328 | D:4      | Reached XP level 6. HP: 17/49 MP: 11/11
  2406 | D:4      | Reached skill level 1 in Fighting
  2415 | D:4      | Reached skill level 1 in Armour
  2849 | D:5      | Entered Level 5 of the Dungeon
  2852 | D:5      | Reached skill level 7 in Necromancy
  2859 | D:5      | Noticed digijack's ghost (novice DgWn)
  2861 | D:5      | Reached XP level 7. HP: 34/58 MP: 13/13
  2881 | D:5      | Noticed Duvessa
  2881 | D:5      | Noticed Dowan
  2890 | D:5      | Killed Dowan
  2891 | D:5      | Killed Duvessa
  2900 | D:5      | HP: 2/61 [poisoned by Duvessa]
  2901 | D:5      | Succumbed to Duvessa's poison

Skill      XL: |  1  2  3  4  5  6  7 |
---------------+----------------------+-----
Spellcasting   | 2 3 4 |  4.0
Necromancy     | 5 6 7 |  7.3
Fighting       | 1 2 |  2.4
Armour         | 2 |  2.8
Dodging        | |  2.1
Stealth        | |  2.4

Action                   |  1- 3 |  4- 6 |  7- 9 || total
-------------------------+-------+-------+-------++-------
Melee: Short sword       |     9 |       |       ||     9
       Flail             |    15 |    76 |     4 ||    95
 Cast: Pain              |    40 |    26 |       ||    66
       Vampiric Draining |     6 |    36 |     7 ||    49
  Use: Potion            |       |       |     3 ||     3
 Stab: Sleeping          |     2 |       |       ||     2
       Distracted        |     1 |       |       ||     1
  Eat: Chunk             |     3 |     8 |     1 ||    12
Armor: Robe              |     8 |       |       ||     8
       Ring mail         |     9 |    61 |     5 ||    75
Dodge: Dodged            |    26 |    67 |     7 ||   100
